 Dungeon Crawl Stone Soup version 0.30-a0-636-g200c5c4a83 (webtiles) character file.

Game seed: 7865011598471496515

13008 Bnni the Covert (level 12, -4/70 HPs)
             Began as a Vine Stalker Brigand on Jan 15, 2023.
             Was a Believer of Uskayaw.
             Slain by a demonic crawler (9 damage)
             ... on level 10 of the Dungeon.
             The game lasted 00:20:56 (8929 turns).

Bnni the Covert (Vine Stalker Brigand)              Turns: 8929, Time: 00:20:57

Health: -4/70      AC: 16    Str: 22    XL:     12   Next: 1%
Magic:  0/18       EV:  6    Int: 11    God:    Uskayaw [**....]
Gold:   829        SH:  0    Dex: 21    Spells: 11/11 levels left

rFire   . . .      SeeInvis .    J - +2 short sword (elec)
rCold   + . .      Faith    .    (no shield)
rNeg    . . .      Spirit   +    Q - +0 plate armour "Yckurph Inap" {rF+ Str+4}
rPois   .          Reflect  .    E - +4 hat of Puopnid {rF- Will+++ Str+4 Stlth+}
rElec   .          Harm     .    c - +0 cloak
rCorr   .          Rampage  .    (no gloves)
Will    ++++.                    u - +0 pair of boots
Stlth   ++                       (no amulet)
HPRegen 1.11/turn                j - ring of protection from cold
MPRegen 0.16/turn                (no ring)

@: studying 2 skills, very slow
A: fangs 3, regeneration 1, magic shield, antimagic bite, no potion heal 2
a: Renounce Religion, Stomp, Line Pass


You were on level 10 of the Dungeon.
You worshipped Uskayaw.
Uskayaw was noncommittal.
You visited 2 branches of the dungeon, and saw 11 of its levels.
You also visited: Ossuary and Bailey.

You collected 829 gold pieces.

Inventory:

Hand Weapons
 p - a +0 dagger of venom
 J - a +2 short sword of electrocution (weapon)
Missiles
 d - 17 poisoned darts (quivered)
 e - 2 curare-tipped darts
 w - 8 atropa-tipped darts
 F - 2 throwing nets
Armour
 c - a +0 cloak (worn)
 u - a +0 pair of boots (worn)
 E - the +4 hat of Puopnid (worn) {rF- Will+++ Str+4 Stlth+}
   (You acquired it on level 6 of the Dungeon)

   Str:       It affects your strength (+4).
   rF:        It makes you vulnerable to fire.
   Will:      It greatly increases your willpower.
   Stlth:     It makes you more stealthy.
 N - quicksilver dragon scales
 Q - the +0 plate armour "Yckurph Inap" (worn) {rF+ Str+4}
   (You found it in a bailey)

   Str:       It affects your strength (+4).
   rF:        It protects you from fire.
 T - a +0 buckler
Jewellery
 j - a ring of protection from cold (left hand)
 K - a ring of see invisible
Wands
 t - a wand of paralysis (7)
 x - a wand of light (4)
 A - a wand of roots (7)
Scrolls
 i - a scroll of summoning
 m - 3 scrolls of enchant armour
 n - 2 scrolls of vulnerability
 o - 2 scrolls of fog {unknown}
 q - a scroll of torment
 r - a scroll of immolation
 s - 10 scrolls of teleportation
 y - 2 scrolls of brand weapon
 G - 2 scrolls of poison
 H - 4 scrolls of blinking
 I - 2 scrolls of enchant weapon
 S - 2 scrolls of amnesia {unknown}
Potions
 a - a potion of degeneration {unknown}
 b - a potion of brilliance
 f - 2 potions of haste {unknown}
 g - 3 potions of berserk rage {unknown}
 h - a potion of resistance
 k - 5 potions of curing {unknown}
 l - 6 potions of heal wounds {unknown}
 v - a potion of flight {unknown}
 z - 3 potions of mutation {unknown}
 B - a potion of lignification {unknown}
 C - 2 potions of attraction {unknown}
 D - 4 potions of ambrosia {unknown}
 L - 2 potions of cancellation {unknown}
 M - 2 potions of might {unknown}
 O - a potion of magic {unknown}
 P - a potion of invisibility {unknown}
Miscellaneous
 R - a piece from Xom's chessboard (15/15)


   Skills:
 + Level 11.1 Fighting
 - Level 10.0 Short Blades
 - Level 1.7 Throwing
 - Level 0.7 Dodging
 + Level 13.9 Stealth
 * Level 2.4 Shields
 + Level 7.0 Invocations


You had 11 spell levels left.
You didn't know any spells.
Your spell library contained the following spells:

 Spells                   Type           Power      Damage    Failure   Level
 Sting                    Tmut/Pois      0%         1d3       100%        1
 Blink                    Tloc           0%         N/A       100%        2
 Momentum Strike          Conj/Tloc      0%         3d8       100%        2
 Poisonous Vapours        Pois/Air       0%         N/A       100%        2
 Scorch                   Fire           0%         2d5       100%        2
 Hailstorm                Conj/Ice       0%         3d3       100%        3
 Lesser Beckoning         Tloc           0%         N/A       100%        3
 Portal Projectile        Hex/Tloc       0%         N/A       100%        3
 Tukima's Dance           Hex            0%         N/A       100%        3
 Cause Fear               Hex            0%         N/A       100%        4
 Flame Wave               Conj/Fire      0%         2d4       100%        4
 Ice Form                 Ice/Tmut       0%         N/A       100%        4
 Olgreb's Toxic Radiance  Pois           0%         N/A       100%        4
 Blade Hands              Tmut           0%         N/A       100%        5
 Simulacrum               Ice/Necr       0%         N/A       100%        6
 Summon Cactus Giant      Summ           0%         N/A       100%        6
 Dragon Form              Tmut           0%         N/A       100%        7
 Dragon's Call            Summ           0%         N/A       100%        9


Dungeon Overview and Level Annotations

Branches:
Dungeon (10/15)            Temple (1/1) D:4            Lair (0/5) D:8
Ossuary (visited)          Bailey (visited)
    Orc: D:9-12

Altars:
Cheibriados
Dithmenos
Elyvilon
Fedhas
Gozag
Hepliaklqana
Kikubaaqudgha
Nemelex Xobeh
Okawaru
Qazlal
Ru
Sif Muna
Uskayaw
Vehumet
Wu Jian
Zin
The Shining One

Shops:
D:7 *


Innate Abilities, Weirdness & Mutations

You have razor-sharp teeth.
Your natural rate of healing is unusually fast.
When hurt, damage is shared between your health and your magic reserves.
Your bite disrupts and absorbs the magic of your enemies.
Potions cannot restore your health.


Message History

The demonic crawler is severely wounded.
The demonic crawler hits you but does no damage.
The demonic crawler barely misses you.
The demonic crawler hits you but does no damage.
Your unstable footing causes you to fumble your attack.
You hit the demonic crawler but do no damage.
Lightning courses through the demonic crawler!
The demonic crawler is almost dead.
The demonic crawler hits you.
The demonic crawler hits you but does no damage. x2
You hit the demonic crawler. Your bite misses the demonic crawler.
The demonic crawler is almost dead.
You hit the demonic crawler but do no damage.
Your bite misses the demonic crawler.
The demonic crawler is almost dead.
The demonic crawler hits you! x3
* * * LOW HITPOINT WARNING * * *
You hit the demonic crawler but do no damage.
You punch the demonic crawler, but do no damage.
The demonic crawler is severely wounded.
The demonic crawler hits you but does no damage. x3
You hit the demonic crawler.
You bite the demonic crawler, but do no damage.
The demonic crawler is severely wounded.
Throw: 3 throwing nets
Press: ? - help, Shift-Dir - straight line, f - demonic crawler
Aim: a demonic crawler (severely wounded, 79% to hit)
You throw a throwing net.
The throwing net barely misses the demonic crawler.
You hear a splash.
The demonic crawler hits you.
* * * LOW HITPOINT WARNING * * *
The demonic crawler hits you but does no damage.
The demonic crawler hits you!
* * * LOW HITPOINT WARNING * * *
The demonic crawler hits you but does no damage.
The demonic crawler hits you.
* * * LOW HITPOINT WARNING * * *
The demonic crawler hits you!
You die...

#..# .# #~~ ~#..##
#.##~~ ~...## #>~~~
# ~~~..# ####
#~~~###~###≈~~.#
...#
#~≈##~~~~(#P~~.#
##.# #~~#~=~~)wsP~~#
##.###~≈## #@~~#
......~~≈### ###≈~~#
##.##..~~~~###~~~~##
#.###...~~≈~≈~~###
#.# #####~~~~~## #.#
####### #.# #.# #.#


You could see a demonic crawler and a swamp worm.

Vanquished Creatures
  2 two-headed ogres
  Pikel (D:4)
  An orc knight (Bailey)
  A deep elf pyromancer (Bailey)
  Joseph (D:7)
  A troll (D:10)
  Grinder (D:3)
  Prince Ribbit (D:6)
  4 wyverns (D:8)
  11 yaks
  8 vampire mosquitoes
  2 steam dragons
  A basilisk (D:8)
  3 acid dragons
  4 water moccasins (D:8)
  4 black bears
  8 orc warriors
  3 ice beasts
  3 sky beasts
  2 ogres
  2 wolves (D:8)
  3 centaurs
  2 elf zombies (Ossuary)
  4 phantoms
  3 gnoll sergeants
  3 bullfrogs
  3 scorpions
  8 wights
  10 killer bees (D:8)
  A howler monkey (D:8)
  3 centaur zombies (Ossuary)
  3 hounds
  A human zombie (Ossuary)
  3 jellies
  5 orc priests
  A gnoll bouda (D:9)
  3 iguanas
  Jessica (D:3)
  9 orc wizards
  2 mummies (Ossuary)
  Robin (D:4)
  20 gnolls
  7 adders
  A white imp (D:5)
  2 ufetubi (D:4)
  An adder zombie (Ossuary)
  2 worms
  A dart slug (D:4)
  23 orcs
  2 bats
  9 endoplasms
  4 giant cockroaches
  22 goblins
  3 hobgoblins (D:4)
  2 quokkas
  8 ball pythons
  4 frilled lizards
  11 hobgoblin zombies (Ossuary)
  2 jackal zombies (Ossuary)
  5 kobolds
  10 kobold zombies (Ossuary)
  7 orc zombies (Ossuary)
  2 rats
  2 butterflies (D:10)
283 creatures vanquished.

Vanquished Creatures (others)
  6 fungi
  8 plants
  3 toadstools (D:4)
17 creatures vanquished.

Grand Total: 300 creatures vanquished

Notes
Turn   | Place    | Note
-------+----------+-------------------------------------------
     0 | D:1      | Bnni the Vine Stalker Brigand began the quest for the Orb.
     0 | D:1      | Reached XP level 1. HP: 11/11 MP: 2/2
   187 | D:1      | Reached XP level 2. HP: 15/15 MP: 3/3
  1007 | D:2      | Reached XP level 3. HP: 18/18 MP: 4/4
  1461 | D:2      | Identified the +1 falchion of Wu Jian's Grace {freeze,
                  | rElec rPois}
  1758 | D:3      | Noticed Jessica
  1766 | D:3      | Killed Jessica
  1767 | D:3      | Gained mutation: Your natural rate of healing is unusually
                  | fast. [Vine Stalker growth]
  1767 | D:3      | Reached XP level 4. HP: 23/23 MP: 5/5
  2041 | D:3      | Noticed Grinder
  2055 | D:3      | Reached XP level 5. HP: 24/28 MP: 4/6
  2069 | D:3      | Killed Grinder
  2070 | D:3      | Reached skill level 5 in Short Blades
  2070 | D:3      | Reached XP level 6. HP: 16/33 MP: 5/7
  2653 | D:4      | Reached XP level 7. HP: 37/37 MP: 8/8
  2710 | D:4      | Noticed Robin
  2710 | D:4      | Noticed Pikel
  2740 | D:4      | Killed Robin
  2741 | D:4      | Killed Pikel
  2742 | D:4      | Reached skill level 5 in Fighting
  2742 | D:4      | Gained mutation: You have razor-sharp teeth. [Vine Stalker
                  | growth]
  2742 | D:4      | Reached XP level 8. HP: 19/43 MP: 4/9
  2949 | D:4      | Found a staircase to the Ecumenical Temple.
  3593 | D:5      | Entered Level 5 of the Dungeon
  3598 | D:5      | Identified a scroll of acquirement
  3981 | Temple   | Entered the Ecumenical Temple
  4032 | Temple   | Became a worshipper of Uskayaw the Reveller
  4508 | D:5      | Reached * piety under Uskayaw
  4524 | D:5      | Reached ** piety under Uskayaw
  4530 | D:5      | Reached *** piety under Uskayaw
  4762 | D:5      | Reached XP level 9. HP: 46/48 MP: 10/10
  4881 | D:6      | Noticed Prince Ribbit
  4893 | D:6      | Killed Prince Ribbit
  5060 | D:6      | Acquired the +4 hat of Puopnid {rF- Will+++ Str+4 Stlth+}
  5120 | D:6      | Reached **** piety under Uskayaw
  5123 | D:6      | Reached ***** piety under Uskayaw
  5233 | D:6      | Reached skill level 10 in Short Blades
  5537 | D:7      | Reached XP level 10. HP: 52/56 MP: 11/11
  5545 | D:7      | Reached skill level 5 in Stealth
  5574 | D:7      | Reached skill level 1 in Invocations
  5619 | D:7      | Found a shimmering blue altar of Sif Muna.
  5619 | D:7      | Found a stormy altar of Qazlal.
  5626 | D:7      | Reached skill level 6 in Stealth
  5654 | D:7      | Found a sand-covered staircase.
  5675 | Ossuary  | Entered an ossuary
  5793 | Ossuary  | Reached skill level 7 in Stealth
  5923 | D:7      | Noticed a two-headed ogre
  5931 | D:7      | Killed a two-headed ogre
  5932 | D:7      | Reached skill level 8 in Stealth
  5983 | D:7      | Found Fopsy's Lightly-Used Armoury.
  6002 | D:7      | Found a flagged portal.
  6021 | Bailey   | Entered a bailey
  6222 | Bailey   | Noticed an orc knight
  6234 | Bailey   | Killed an orc knight
  6235 | Bailey   | Reached skill level 9 in Stealth
  6272 | Bailey   | Found a large runed translucent door.
  6272 | Bailey   | Found a large runed translucent door.
  6273 | Bailey   | Noticed a deep elf pyromancer
  6406 | Bailey   | Killed a deep elf pyromancer
  6407 | Bailey   | Reached skill level 10 in Stealth
  6407 | Bailey   | Reached XP level 11. HP: 63/63 MP: 15/15
  6417 | Bailey   | Identified the +5 whip "Iclafuucs" {vamp, rF+ rN+ Str+2
                  | Int-2}
  6425 | Bailey   | Identified the +0 plate armour "Yckurph Inap" {rF+ Str+4}
  6775 | D:7      | Noticed Joseph
  6787 | D:7      | Killed Joseph
  6788 | D:7      | Reached skill level 10 in Fighting
  6788 | D:7      | Reached skill level 5 in Invocations
  6942 | D:8      | Reached skill level 11 in Stealth
  6982 | D:8      | Found a staircase to the Lair.
  7010 | D:8      | Reached ****** piety under Uskayaw
  7035 | D:8      | Reached skill level 12 in Stealth
  7142 | D:8      | Found a hazy altar of Hepliaklqana.
  7385 | D:8      | Found an iron altar of Okawaru.
  8010 | D:9      | Reached skill level 13 in Stealth
  8039 | D:9      | Found an opulent altar of Gozag.
  8317 | D:9      | Found an ancient bone altar of Kikubaaqudgha.
  8349 | D:9      | Found a blossoming altar of Fedhas.
  8475 | D:9      | Acquired a manual of Fighting
  8563 | D:10     | Entered Level 10 of the Dungeon
  8571 | D:10     | Reached skill level 1 in Shields
  8723 | D:10     | Noticed a two-headed ogre
  8736 | D:10     | Killed a two-headed ogre
  8737 | D:10     | Reached XP level 12. HP: 56/70 MP: 18/18
  8929 | D:10     | Slain by a demonic crawler

Illustrated notes

Levels and vault maps discovered:
D:1:      dpeg_arrival_arbitrary_a, layout_basic, nicolae_figureground_sparkle
D:2:      layout_basic
D:3:      minmay_skewed_foursquare, layout_basic, uniq_grinder, uniq_jessica
D:4:      layout_basic, minmay_temple_entry_from_below_a,
          minmay_gold_behind_fungi, minmay_manual_maat, uniq_pikel, uniq_robin
D:5:      layout_basic
D:6:      layout_cave_pools, uniq_prince_ribbit1
D:7:      layout_loops_ring, gammafunk_temple_overflow_elements,
          enter_ossuary_1, enter_bailey_5, minmay_shop_damaged, uniq_joseph
D:8:      layout_basic, okawaru_gym_becter, old_standard_altar,
          minmay_lair_entry_grove
D:9:      layout_basic, amcnicky_altar_gilded, fedhas_altar_3,
          general_overflow_altar
D:10:     layout_loops_ring, xom_butterflies, worms_lemuel
Temple:   nicolae_temple_great_sept

Skill      XL: |  1  2  3  4  5  6  7  8  9 10 11 |
---------------+----------------------------------+-----
Short Blades   | 2 3 5 7 8 10 | 10.0
Fighting       | 2 3 4 5 6 8 9 11 | 11.1
Stealth        | 10 13 | 13.9
Invocations    | 4 7 |  7.0
Shields        | 2 |  2.4
Throwing       | |  1.7
Dodging        | |  0.7

Action                   |  1- 3 |  4- 6 |  7- 9 | 10-12 || total
-------------------------+-------+-------+-------+-------++-------
Melee: Dagger            |    38 |   115 |   224 |       ||   377
       Bite              |    16 |    45 |   101 |   178 ||   340
       Spear             |    50 |       |       |       ||    50
       Punch             |       |       |     3 |    10 ||    13
       Short sword       |       |       |    38 |   496 ||   534
Throw: Dart              |       |       |     1 |     3 ||     4
       Throwing net      |       |       |       |     2 ||     2
Evoke: Wand              |       |     1 |     1 |       ||     2
  Use: Scroll            |       |     5 |     6 |     4 ||    15
 Stab: Sleeping          |     2 |     3 |     2 |     5 ||    12
       Paralysed         |       |       |     4 |    23 ||    27
Armor: Robe              |     4 |       |       |       ||     4
       Scale mail        |    21 |    28 |    72 |       ||   121
       Chain mail        |       |       |    42 |    59 ||   101
       Plate armour      |       |       |       |   132 ||   132
Dodge: Dodged            |    44 |    28 |    75 |    84 ||   231

Table legend: (Time is in decaauts)
 A = Elapsed time spent in this place.
 B = Non-inter-level travel time spent in this place.
 C = Inter-level travel time spent in this place.
 D = Time resting spent in this place.
 E = Time spent auto-exploring this place.
 F = Levels seen in this place.
 G = Mean time per level.
                   A        B        C        D        E       F      G
               +--------+--------+--------+--------+--------+-----+--------+
         Total |   8552 |   8243 |    309 |    183 |   6144 |  13 |  657.8 |
       Dungeon |   7874 |   7572 |    302 |     69 |   6063 |  10 |  787.4 |
        Temple |     59 |     52 |      7 |      0 |     40 |   1 |   59.0 |
       Ossuary |    170 |    170 |      0 |      0 |      3 |   1 |  170.0 |
        Bailey |    448 |    448 |      0 |    114 |     38 |   1 |  448.0 |
               +--------+--------+--------+--------+--------+-----+--------+

Top non-repeatable levels by time:
     D:5: 1118 daAuts
     D:8: 985 daAuts
     D:3: 984 daAuts
     D:4: 983 daAuts
     D:1: 930 daAuts
     D:7: 727 daAuts
     D:2: 650 daAuts
     D:6: 609 daAuts
     D:9: 553 daAuts
  Bailey: 448 daAuts
    D:10: 332 daAuts
 Ossuary: 170 daAuts
  Temple: 59 daAuts
